 Dungeon Crawl Stone Soup version 0.20-a0-1062-g7b787ac (webtiles) character file.

93 Chaoticas the Firebug (level 4, 0/33 HPs)
             Began as a Draconian Fire Elementalist on Apr 27, 2017.
             Slain by a bat (1 damage)
             ... on level 2 of the Dungeon.
             The game lasted 00:09:19 (3123 turns).

Chaoticas the Firebug (Draconian Fire Elementalist) Turns: 3123, Time: 00:09:20

Health: 0/33       AC:  5    Str: 11    XL:     4   Next: 36%
Magic:  5/8        EV: 12    Int: 16    God:
Gold:   111        SH:  0    Dex: 11    Spells: 8/9 levels left

rFire    . . .     SeeInvis .   t - +0 mace
rCold    . . .     Gourm    .   (no shield)
rNeg     . . .     Faith    .   (armour unavailable)
rPois    .         Spirit   .   (helmet restricted)
rElec    .         Reflect  .   (no cloak)
rCorr    .         Harm     .   (no gloves)
MR       .....                  (no boots)
Stlth    ++........             (no amulet)
Regen    0.2/turn               (no ring)
MPRegen  0.2/turn               (no ring)

@: no status effects
A: unfitting armour, cold-blooded, AC +5
a: no special abilities


You were on level 2 of the Dungeon.
You were not hungry.

You visited 1 branch of the dungeon, and saw 2 of its levels.

You collected 111 gold pieces.

Inventory:

Hand Weapons
 t - a +0 mace (weapon)
Missiles
 c - 5 javelins (quivered)
 j - 3 tomahawks
Scrolls
 d - a scroll of identify {unknown}
 e - a scroll of immolation {unknown}
 f - a scroll of recharging {unknown}
 l - a scroll of fog {unknown}
 n - a scroll of teleportation {unknown}
 o - a scroll of remove curse {unknown}
Potions
 h - 2 potions of curing {unknown}
 i - a potion of haste {unknown}
 k - 3 potions of agility {unknown}
 m - 2 potions of brilliance {unknown}
 p - a potion of invisibility {unknown}
 q - a potion of degeneration {unknown}
 u - a potion of might {unknown}
Books
 a - a book of Flames

   Spells                             Type                      Level
   a - Flame Tongue                   Conjuration/Fire             1
   b - Throw Flame                    Conjuration/Fire             2
   c - Conjure Flame                  Conjuration/Fire             3
   d - Inner Flame                    Hexes/Fire                   3
   e - Sticky Flame                   Conjuration/Fire             4
   f - Fireball                       Conjuration/Fire             5
Comestibles
 b - a bread ration
 g - 2 royal jellies
 r - a meat ration
 s - 3 fruits


   Skills:
 - Level 1.7 Dodging
 - Level 1.7 Stealth
 * Level 3.1 Spellcasting
 * Level 2.5 Conjurations
 * Level 3.6 Fire Magic


You had 8 spell levels left.
You knew the following spells:

 Your Spells              Type           Power        Failure   Level  Hunger
a - Flame Tongue          Conj/Fire      ##...        5%          1    None


Dungeon Overview and Level Annotations

Branches:
Dungeon (2/15)

Altars:
Ru
The Shining One


Innate Abilities, Weirdness & Mutations

Your plain brown scales are hard. (AC +5)
You cannot fit into any form of body armour.
You are cold-blooded and may be slowed by cold attacks.


Message History

Confirm with . or Enter, or press ? or * to list all spells.
Aiming: Flame Tongue
Press: ? - help, Shift-Dir - straight line, f/p - bat
Aim: a bat (severely wounded)
The flame tongue misses the worm.
The flame tongue misses the bat.
The bat barely misses you. The bat hits you but does no damage.
Casting: Flame Tongue
Confirm with . or Enter, or press ? or * to list all spells.
Aiming: Flame Tongue
Press: ? - help, Shift-Dir - straight line, f/p - bat
Aim: a bat (severely wounded)
The flame tongue hits the bat.
You kill the bat!
The bat barely misses you. The bat hits you. The worm bites you!
* * * LOW HITPOINT WARNING * * *
The bat barely misses you. The bat misses you.
The bat hits you but does no damage. The bat hits you.
You die...

>..............#
.......).......######
.....................
...!................
.........†.........
.........).....### ######
...............# #.....
...........w..b# #.....
..............@# #.....
......(..$.....# ###.<...
...............# #.......
######.........#########..).###
########..................
################### ♣♣♣♣♣
♣♣♣♣♣♣ ♣♣♣♣♣♣ ♣♣....


You could see a worm and a bat.

Vanquished Creatures
  A gnoll (D:2)
  3 adders (D:2)
  2 dart slugs (D:1)
  2 leopard geckos
  2 giant cockroaches
  7 goblins
  3 hobgoblins (D:1)
  12 jackals
  5 bats
  4 frilled lizards
  A kobold (D:2)
  6 rats
48 creatures vanquished.

Notes
Turn   | Place    | Note
-------+----------+-------------------------------------------
     0 | D:1      | Chaoticas the Draconian Fire Elementalist began the quest for the Orb.
     0 | D:1      | Reached XP level 1. HP: 14/14 MP: 3/3
   463 | D:1      | Reached XP level 2. HP: 20/20 MP: 0/5
  1611 | D:1      | Reached XP level 3. HP: 26/26 MP: 7/7
  2240 | D:2      | Reached XP level 4. HP: 31/33 MP: 4/8
  2428 | D:2      | Found a glowing golden altar of the Shining One.
  2428 | D:2      | Found a sacrificial altar of Ru.
  3119 | D:2      | HP: 1/33 [worm (9)]
  3123 | D:2      | Slain by a bat

Vault maps used:
D:1:      dpeg_arrival_central
D:2:      kb_forest_paths, nicolae_overflow_hidden_temple, first_bread,
          kennysheep_generic_room_13

Skill      XL: |  1  2  3 |
---------------+----------+-----
Conjurations   | 2 |  2.5
Spellcasting   | 3 |  3.1
Dodging        | |  1.7
Stealth        | |  1.7
Fire Magic     | |  3.6

Action                   |  1- 3 |  4- 6 || total
-------------------------+-------+-------++-------
Melee: Unarmed           |    36 |       ||    36
       Dagger            |    32 |       ||    32
       Tailslap          |     1 |     4 ||     5
       Spear             |    15 |    11 ||    26
       Mace              |       |    11 ||    11
 Cast: Flame Tongue      |    46 |    20 ||    66
 Stab: Sleeping          |     1 |       ||     1
       Distracted        |       |     1 ||     1
  Eat: Chunk             |     5 |     2 ||     7
Armor: Skin              |    45 |    26 ||    71
Dodge: Dodged            |    87 |    40 ||   127
